 Dungeon Crawl Stone Soup version 0.28-a0-258-g8de209e91f (webtiles) character file.

Game seed: 9342344613845747053

55 aSlayers the Skirmisher (level 3, -1/29 HPs)
             Began as a Demonspawn Abyssal Knight on Aug 26, 2021.
             Was a Follower of Lugonu.
             Succumbed to an adder's poison
             ... on level 2 of the Dungeon.
             The game lasted 00:03:04 (2234 turns).

aSlayers the Skirmisher (Demonspawn Abyssal Knight) Turns: 2234, Time: 00:03:05

Health: -1/29      AC:  3    Str: 13    XL:     3   Next: 67%
Magic:  5/5        EV: 11    Int: 17    God:    Lugonu [*.....]
Gold:   54         SH:  0    Dex: 12    Spells: 2/2 levels left

rFire   . . .      SeeInvis .   a - +2 hand axe
rCold   . . .      Faith    .   (no shield)
rNeg    . . .      Spirit   .   b - +0 leather armour
rPois   .          Reflect  .   (no helmet)
rElec   .          Harm     .   (no cloak)
rCorr   .          Rampage  .   (no gloves)
Will    .....                   (no boots)
Stlth   +.........              (no amulet)
HPRegen 0.09/turn               (no ring)
MPRegen 0.09/turn               (no ring)

@: lethally poisoned (-1 -> -8)
A: big brain 2
a: Renounce Religion, Depart the Abyss


You were on level 2 of the Dungeon.
You worshipped Lugonu.
Lugonu was aware of your devotion.
You visited 1 branch of the dungeon, and saw 2 of its levels.
You visited the Abyss 1 time.

You collected 54 gold pieces.

Inventory:

Hand Weapons
 a - a +2 hand axe (weapon)
Armour
 b - a +0 leather armour (worn)
Jewellery
 d - a ring of ice
 e - a ring of see invisible
Wands
 l - a wand of flame (28)
Scrolls
 g - a scroll of noise {unknown}
 i - a scroll of teleportation {unknown}
 k - 2 scrolls of identify {unknown}
Potions
 h - a potion of brilliance {unknown}
 j - a potion of degeneration {unknown}
 m - a potion of curing {unknown}
 n - a potion of lignification {unknown}


   Skills:
 + Level 3.5 Fighting
 + Level 2.4 Axes
 + Level 2.2 Armour
 + Level 1.3 Dodging
 + Level 3.0 Invocations


You had 2 spell levels left.
You didn't know any spells.
Your spell library was empty.

Dungeon Overview and Level Annotations

Branches:
Dungeon (2/15)

Altars:


Innate Abilities, Weirdness & Mutations

You have an extremely huge brain. (Int +4)


Message History

The adder is lightly wounded.
You hit the adder but do no damage. You hit the bat.
You feel sick. The bat barely misses you. The adder bites you.
You are more poisoned.
The adder poisons you! The adder bites you.
You are more poisoned.
The adder poisons you!
The adder bites you but does no damage. x2
As you read the scroll labelled QICLIE ZAIH, it crumbles to dust.
It is a scroll of enchant weapon.
Your +1 hand axe glows red for a moment.
You feel very sick. The adder misses you.
The adder bites you but does no damage. x2
An endoplasm comes into view.
Blink to where?
Press: ? - help, Dir - move target
As you read the scroll labelled TEPTET BUWN, it crumbles to dust.
It was a scroll of blinking.
You feel sick.
You feel very sick.
You feel sick.
You feel sick.
You feel sick.
You feel sick.
You feel sick.
You feel sick.
You feel sick.
You are no longer poisoned.
The adder bites you but does no damage.
Blink to where?
Press: ? - help, Dir - move target
As you read the scroll of blinking, it crumbles to dust.
You see here a +0 hand axe.
You miss the adder.
The adder is lightly wounded.
The adder closely misses you. The adder bites you.
* * * LOW HITPOINT WARNING * * *
You are lethally poisoned!
The adder poisons you!
You miss the adder.
The adder is lightly wounded.
You die...

#.###.....######P.....P..#
#.#######.##########_#####
#..............#.P.......#
################.#####........P#
....b.§........#....##..P...PP.#
###..S.#...##..#..#.##...P...PP##
#..g.#...###.#......#.......#.#
#K...##..###.#.#.####..P....#.#
.....###..S...#@SbS..#P......#.#
..#... ##.....####.##.##...##..#
..#... ###.S.####.###.#PPP###.# .
#..# ####.#.....##.####. #.#
####....#S###.##.# #.#
###.......#.# #..#.# #.#
##...........# ##.#.# #.#
##......†...### #.#.# #.#
#..####.###.# #.#.# #.#


You could see 2 adders and a bat.

Vanquished Creatures
  2 adders (D:2)
  A worm (D:2)
  A dart slug (D:2)
  4 bats
  2 endoplasms
  4 giant cockroaches
  5 jackals
  2 kobolds
  3 ball pythons
  3 frilled lizards (D:2)
  3 rats (D:1)
30 creatures vanquished.

Vanquished Creatures (others)
  2 plants (D:2)
2 creatures vanquished.

Grand Total: 32 creatures vanquished

Notes
Turn   | Place    | Note
-------+----------+-------------------------------------------
     0 | Abyss:1  | aSlayers the Demonspawn Abyssal Knight began the quest for
                  | the Orb.
     0 | Abyss:1  | Reached XP level 1. HP: 18/18 MP: 2/2
     0 | D:1      | Escaped the Abyss
   456 | D:1      | Reached * piety under Lugonu
   457 | D:1      | Gained mutation: You have an unusually large brain. (Int
                  | +2) [demonic ancestry]
   457 | D:1      | Reached XP level 2. HP: 23/24 MP: 4/4
   658 | D:1      | Reached skill level 1 in Dodging
  1386 | D:2      | Gained mutation: You have an extremely huge brain. (Int +4)
                  | [demonic ancestry]
  1386 | D:2      | Reached XP level 3. HP: 29/29 MP: 5/5
  1676 | D:2      | Found a faded altar of an unknown god.
  2233 | D:2      | HP: 1/29 [adder (3)]
  2234 | D:2      | Succumbed to an adder's poison

Illustrated notes

Levels and vault maps discovered:
D:1:      dpeg_arrival_windows_large_door, layout_basic,
          hangedman_decor_clover_reticule, minmay_pentomino_x2
D:2:      minmay_recursive_quarters, layout_basic, shapermc_ecumenical_altar_gd

Skill      XL: |  1  2 |
---------------+-------+-----
Dodging        | 1 |  1.3
Axes           | 2 |  2.4
Armour         | 2 |  2.2
Invocations    | 3 |  3.0
Fighting       | |  3.5

Action                   || total
-------------------------++-------
Melee: Hand axe          ||   108
Invok: Depart the Abyss  ||     1
  Use: Scroll            ||     3
Armor: Leather armour    ||    49
Dodge: Dodged            ||   106

Table legend: (Time is in decaauts)
 A = Elapsed time spent in this place.
 B = Non-inter-level travel time spent in this place.
 C = Inter-level travel time spent in this place.
 D = Time resting spent in this place.
 E = Time spent auto-exploring this place.
 F = Levels seen in this place.
 G = Mean time per level.
                   A        B        C        D        E       F      G
               +--------+--------+--------+--------+--------+-----+--------+
         Total |   2254 |   2254 |      0 |      0 |   1896 |   3 |  751.3 |
       Dungeon |   2254 |   2254 |      0 |      0 |   1896 |   2 | 1127.0 |
         Abyss |      0 |      0 |      0 |      0 |      0 |   1 |    0.0 |
               +--------+--------+--------+--------+--------+-----+--------+

Top non-repeatable levels by time:
     D:1: 1175 daAuts
     D:2: 1079 daAuts
